Map: Honorgrounds LE

Players

ShoWTimE - Winner!

  • Race: Protoss Protoss
  • Spawn Location: 11:00

Namshar

  • Race: Zerg Zerg
  • Spawn Location: 7:00

Event: WCS Austin 2017

VOD

Have the link to the VOD?

Description

Time

  • Played on: April 29, 2017, 2:23 p.m.
  • Length: 17:48

All games in this series

Show
View Real Time Build Order
Export as new Build Order

ShoWTimE Protoss - Winner!

Build Orders: 1 Gate Expand 

Get SALT Encoding   

  12  0:00  Probe (Chrono Boost)  
  13  0:11  Probe (Chrono Boost)  
  14  0:18  Pylon  
  14  0:22  Probe (Chrono Boost)  
  15  0:37  Probe (Chrono Boost)  
  15  0:38  Gateway  
  16  0:45  Assimilator  
  16  0:49  Probe (Chrono Boost)  
  17  0:59  Probe (Chrono Boost)  
  18  1:10  Probe (Chrono Boost)  
  19  1:24  Nexus  
  19  1:26  Probe (Chrono Boost)  
  20  1:38  Cybernetics Core  
  21  1:40  Probe (Chrono Boost)  
  21  1:45  Assimilator  
  21  1:50  Probe (Chrono Boost)  
  22  1:55  Pylon  
  22  2:01  Probe (Chrono Boost)  
  23  2:11  Adept  
  23  2:15  Probe (Chrono Boost), Warp Gate  
  26  2:24  Twilight Council  
  26  2:28  Probe (Chrono Boost)  
  27  2:35  Stalker  
  27  2:36  Probe (Chrono Boost)  
  28  2:42  Probe (Chrono Boost)  
  31  2:46  Probe (Chrono Boost)  
  31  2:48  Resonating Glaives  
  32  2:54  Probe (Chrono Boost)  
  32  2:58  Probe (Chrono Boost)  
  34  3:01  Adept  
  37  3:06  Probe (Chrono Boost)  
  37  3:10  Probe (Chrono Boost)  
  38  3:18  Probe (Chrono Boost)  
  39  3:24  Gateway  
  39  3:26  Gateway  
  39  3:29  Probe (Chrono Boost)  
  39  3:32  Adept  
  39  3:33  Probe (Chrono Boost)  
  41  3:34  Pylon  
  44  3:41  Probe (Chrono Boost)  
  44  3:47  Probe (Chrono Boost)  
  45  3:48  Pylon  
  45  3:53  Probe (Chrono Boost)  
  46  3:56  Stargate  
  46  3:59  Probe (Chrono Boost)  
  46  4:00  Stargate  
  47  4:05  Probe (Chrono Boost)  
  47  4:08  Assimilator x2  
  48  4:10  Probe (Chrono Boost)  
  50  4:17  Probe (Chrono Boost)  
  50  4:18  Adept x2  
  50  4:21  Adept  
  56  4:24  Probe (Chrono Boost)  
  56  4:29  Pylon  
  57  4:35  Probe (Chrono Boost)  
  58  4:38  Pylon  
  58  4:40  Phoenix  
  58  4:45  Phoenix  
  62  4:58  Adept x2  
  62  4:59  Adept  
  68  5:01  Phoenix  
  68  5:03  Pylon  
  68  5:06  Phoenix  
  70  5:13  Probe x2 (Chrono Boost)  
  74  5:21  Adept x3  
  74  5:27  Pylon  
  82  5:28  Probe (Chrono Boost)  
  82  5:29  Probe (Chrono Boost)  
  82  5:31  Phoenix  
  82  5:34  Phoenix  
  86  5:53  Nexus  
  86  5:56  Probe x2 (Chrono Boost)  
  88  5:57  Phoenix  
  88  6:08  Probe x2 (Chrono Boost)  
  84  6:12  Pylon  
  84  6:14  Pylon  
  84  6:15  Phoenix  
  83  6:20  Probe (Chrono Boost)  
  83  6:22  Phoenix  
  75  6:38  Phoenix  
  75  6:39  Robotics Facility  
  69  6:43  Mothership Core (Chrono Boost)  
  69  6:44  Robotics Facility, Phoenix  
  69  6:46  Probe (Chrono Boost)  
  76  6:58  Probe (Chrono Boost)  
  78  7:01  Probe (Chrono Boost)  
  78  7:06  Probe (Chrono Boost)  
  79  7:09  Forge  
  79  7:10  Probe (Chrono Boost)  
  79  7:12  Probe (Chrono Boost)  
  81  7:16  Sentry x3  
  81  7:17  Probe (Chrono Boost)  
  81  7:18  Pylon  
  81  7:21  Immortal  
  81  7:22  Probe x2 (Chrono Boost)  
  90  7:25  Pylon  
  90  7:29  Probe (Chrono Boost)  
  95  7:30  Immortal  
  95  7:31  Assimilator  
  95  7:32  Assimilator  
  95  7:33  Probe (Chrono Boost)  
  95  7:34  Probe (Chrono Boost)  
  101  7:41  Probe (Chrono Boost)  
  101  7:43  Probe (Chrono Boost)  
  103  7:46  Probe (Chrono Boost)  
  103  7:49  Pylon  
  103  7:50  Protoss Ground Weapons Level 1  
  104  7:53  Probe (Chrono Boost)  
  105  7:58  Immortal  
  109  8:07  Gateway  
  109  8:08  Templar Archives, Immortal  
  109  8:10  Gateway  
  113  8:14  Gateway  
  113  8:19  Gateway  
  113  8:20  Gateway  
  113  8:25  Photon Cannon  
  113  8:28  Charge  
  113  8:35  Psionic Storm  
  113  8:37  Zealot x3  
  113  8:40  Immortal  
  123  8:44  Immortal  
  127  8:57  High Templar  
  129  9:03  Zealot x2  
  129  9:05  Pylon  
  129  9:08  Pylon  
  133  9:15  Photon Cannon  
  131  9:20  High Templar, Immortal  
  131  9:22  High Templar  
  137  9:29  Photon Cannon  
  137  9:31  Photon Cannon  
  137  9:35  Pylon, Nexus  
  137  9:37  High Templar, Pylon  
  139  9:38  Immortal  
  139  9:43  Pylon  
  143  9:50  High Templar  
  143  9:51  Zealot x3  
  151  9:56  Photon Cannon  
  151  10:00  High Templar  
  151  10:05  Photon Cannon  
  153  10:08  Photon Cannon  
  153  10:09  Protoss Ground Weapons Level 2  
  153  10:12  Observer  
  154  10:16  Zealot  
  154  10:17  Zealot x2  
  160  10:26  Zealot x4  
  160  10:27  Warp Prism  
  170  10:45  High Templar x2  
  170  10:46  High Templar  
  170  10:47  Immortal  
  180  10:51  Zealot x4  
  186  10:58  Immortal  
  182  11:07  Zealot  
  182  11:10  Assimilator  
  184  11:12  Assimilator  
  178  11:19  Zealot  
  178  11:20  Zealot x4  
  184  11:27  Immortal  
  184  11:32  Immortal  
  176  11:35  Zealot x3  
  178  11:43  Zealot  
  178  11:44  Zealot x4  
  164  11:57  Zealot x2  
  158  12:03  High Templar  
  158  12:06  Immortal x2  
  158  12:08  Zealot x4  
  168  12:22  Zealot x3  
  136  12:30  High Templar x2  
  136  12:31  High Templar x2  
  136  12:35  Archon x2  
  140  12:40  Immortal, Zealot  
  142  12:45  Immortal  
  142  12:49  Zealot x3  
  144  13:10  Zealot x5  
  152  13:14  Immortal  
  152  13:17  High Templar x3  
  162  13:23  Protoss Ground Weapons Level 3  
  162  13:24  Warp Prism  
  164  13:27  Oracle  
  163  13:39  Stalker x4  
  159  13:50  Fleet Beacon  
  159  13:51  Observer  
  160  14:00  Nexus  
  158  14:02  Pylon  
  158  14:04  High Templar  
  158  14:05  High Templar  
  162  14:10  High Templar x2  
  162  14:11  Zealot x2  
  170  14:17  Stargate  
  170  14:27  Zealot x2  
  174  14:36  Zealot x2  
  178  14:39  Zealot x2  
  178  14:46  Zealot  
  178  14:47  Zealot  
  178  14:48  Carrier  
  182  14:53  Carrier  
  182  14:55  Zealot x2  
  182  14:56  Zealot x2  
  194  15:07  Graviton Catapult  
  194  15:19  Zealot x5  
  180  15:29  Zealot  
  180  15:30  Zealot x2  
  156  15:47  Zealot x4  
  150  15:54  Immortal, Zealot x4  
  150  15:56  Immortal  
  158  16:09  Assimilator  
  158  16:10  High Templar x3  
  158  16:11  Assimilator, High Templar  
  166  16:14  Archon  
  166  16:15  Archon  
  166  16:23  High Templar  
  166  16:24  High Templar x3  
  174  16:27  Archon  
  174  16:28  Archon  
  174  16:29  Immortal  
  176  16:45  Gateway  
  176  16:47  Gateway  
  170  17:13  Zealot  
  170  17:14  Zealot x7  
  172  17:36  Archon x2  
Show
View Real Time Build Order
Export as new Build Order

Namshar Zerg 

Build Orders: Hatch First, Lurkers 

Get SALT Encoding   

  12  0:01  Drone  
  13  0:12  Overlord  
  13  0:18  Drone  
  14  0:31  Drone x2  
  14  0:35  Drone  
  17  0:52  Hatchery  
  17  0:56  Drone  
  17  0:58  Drone  
  18  1:09  Extractor  
  17  1:14  Spawning Pool  
  17  1:17  Drone  
  17  1:20  Drone  
  18  1:28  Drone  
  19  1:38  Overlord  
  19  1:49  Drone  
  20  2:00  Queen  
  20  2:01  Zergling x2  
  23  2:04  Queen  
  23  2:05  Zergling x2  
  26  2:09  Metabolic Boost  
  26  2:12  Drone  
  28  2:15  Drone  
  28  2:21  Drone  
  29  2:26  Drone  
  30  2:34  Drone  
  32  2:37  Drone  
  32  2:41  Hatchery  
  31  2:46  Drone  
  31  2:49  Queen  
  34  2:54  Overlord  
  34  2:57  Drone  
  35  3:02  Overlord  
  35  3:04  Drone  
  36  3:15  Drone x3  
  36  3:17  Drone  
  36  3:18  Drone x3  
  36  3:19  Drone  
  44  3:25  Queen  
  46  3:30  Drone  
  46  3:31  Drone  
  48  3:39  Overlord  
  48  3:41  Drone  
  48  3:45  Spore Crawler  
  48  3:51  Roach Warren  
  48  3:52  Drone x2  
  48  3:53  Drone, Spore Crawler  
  48  3:54  Overlord  
  49  3:58  Drone x2  
  51  4:07  Drone  
  51  4:08  Overlord  
  52  4:12  Drone  
  52  4:13  Spore Crawler  
  52  4:24  Drone x4  
  52  4:27  Overlord  
  68  4:31  Roach x6  
  68  4:34  Roach  
  70  4:40  Zergling x2  
  70  4:41  Zergling x4  
  70  4:45  Roach, Overlord x2  
  75  4:49  Drone  
  75  4:50  Drone  
  77  4:54  Drone  
  77  4:55  Drone  
  77  4:59  Overlord, Extractor  
  78  5:00  Drone  
  78  5:01  Extractor  
  78  5:08  Roach  
  78  5:09  Roach  
  78  5:10  Drone x2, Overlord  
  83  5:18  Drone  
  83  5:19  Extractor  
  83  5:22  Drone  
  83  5:23  Drone x3  
  83  5:26  Extractor  
  85  5:29  Drone  
  85  5:30  Drone x2  
  85  5:32  Overlord  
  85  5:34  Drone  
  89  5:35  Drone, Extractor  
  89  5:36  Drone x2  
  89  5:37  Overlord  
  89  5:39  Lair  
  90  5:46  Drone x4  
  94  5:50  Drone  
  94  5:51  Roach  
  94  5:52  Roach, Evolution Chamber  
  94  5:57  Roach x2  
  102  6:03  Roach x4  
  100  6:17  Roach x3  
  100  6:18  Zergling x10  
  103  6:19  Zergling x4  
  109  6:30  Drone x3  
  108  6:37  Drone  
  108  6:38  Drone  
  110  6:45  Drone x3  
  113  6:51  Zerg Missile Weapons Level 1  
  113  6:52  Drone, Hydralisk Den  
  113  6:53  Drone x4  
  115  6:55  Spore Crawler  
  115  6:57  Queen  
  115  7:01  Drone  
  115  7:02  Drone x2  
  115  7:03  Spore Crawler  
  115  7:05  Spore Crawler  
  116  7:12  Overlord x4  
  116  7:19  Queen  
  116  7:21  Drone  
  119  7:25  Overlord x3  
  119  7:27  Muscular Augments  
  119  7:43  Drone x2  
  119  7:44  Drone x2  
  121  7:45  Hydralisk x4  
  121  7:46  Hydralisk x2  
  132  7:52  Drone x2  
  134  8:01  Drone  
  134  8:02  Drone x2, Hydralisk  
  134  8:03  Hydralisk x3  
  142  8:11  Overlord x3  
  142  8:19  Hydralisk x3  
  142  8:25  Drone x2  
  147  8:28  Hydralisk x4  
  153  8:34  Hatchery  
  153  8:36  Drone  
  153  8:37  Hydralisk  
  154  8:41  Hydralisk x2  
  154  8:45  Hydralisk x2  
  162  8:50  Drone  
  162  8:52  Overlord x2  
  162  8:54  Zerg Missile Weapons Level 2  
  162  9:01  Lurker Den, Evolution Chamber  
  162  9:02  Baneling Nest  
  160  9:10  Overlord  
  156  9:21  Overlord x2  
  156  9:25  Drone x7  
  156  9:30  Overlord  
  156  9:31  Zerg Melee Weapons Level 1, Hydralisk x3  
  163  9:38  Extractor  
  168  9:40  Extractor  
  168  9:41  Spore Crawler  
  168  9:45  Hydralisk x4  
  168  9:51  Hydralisk x3  
  180  9:58  Centrifical Hooks  
  180  10:00  Pneumatized Carapace  
  180  10:01  Overseer  
  180  10:02  Drone  
  180  10:06  Drone  
  180  10:07  Drone x3  
  185  10:14  Hatchery  
  185  10:17  Drone  
  185  10:19  Hydralisk x3  
  191  10:38  Glial Reconstitution  
  188  10:47  Hydralisk  
  188  10:48  Hydralisk x5  
  179  11:05  Hydralisk  
  179  11:06  Hydralisk x5  
  179  11:10  Hydralisk x3  
  198  11:11  Zergling x2  
  191  11:20  Hydralisk  
  191  11:21  Hydralisk x4  
  179  11:35  Hydralisk  
  179  11:36  Hydralisk x11  
  162  11:56  Hydralisk x3  
  160  12:12  Zergling x14  
  149  12:16  Zergling x10  
  152  12:29  Hydralisk x6  
  126  12:33  Hydralisk  
  137  12:37  Lurker x11  
  145  12:46  Hydralisk x3  
  145  12:48  Hatchery  
  140  13:07  Hydralisk x6  
  144  13:14  Hatchery  
  143  13:21  Hydralisk x4  
  133  13:49  Hatchery  
  133  13:52  Hydralisk x5  
  142  13:58  Hydralisk x2  
  142  14:02  Hydralisk  
  146  14:08  Hydralisk  
  146  14:09  Hydralisk  
  149  14:35  Hydralisk x6  
  157  14:44  Hydralisk x2  
  149  15:05  Hydralisk x2  
  149  15:08  Lurker x3  
  149  15:09  Lurker x2  
  149  15:10  Lurker  
  149  15:11  Lurker  
  146  15:23  Hydralisk x2  
  125  15:38  Hydralisk x3  
  121  15:43  Zergling x2  
  96  16:12  Lurker x5  
  96  16:13  Lurker  
  96  16:16  Lurker x3  
  96  16:17  Drone x2  
  96  16:18  Drone x2  
  109  16:20  Lurker  
  109  16:22  Overseer  
  110  16:29  Extractor  
  109  16:37  Hydralisk x2  
  112  16:49  Hydralisk x3  
  118  16:54  Zergling x4  
  118  16:55  Zergling x2  
  118  17:06  Hydralisk x3  
  84  17:22  Hydralisk x2  
Tags
 
Add a new tag
Caveats
  • Supply blocks, unpowered buildings, or Contaminate may cause inaccurate times.
  • Supply counts are checked every 10 seconds.